 Dungeon Crawl Stone Soup version 0.17-a0-1515-gfae3d72 (webtiles) character file.

1610 amnekian the Carver (level 9, -1/61 HPs)
             Began as a Human Skald on July 12, 2015.
             Was an Initiate of Okawaru.
             Slain by an ogre
             ... wielding a +0 giant club
              (25 damage)
             ... on level 6 of the Dungeon.
             The game lasted 00:42:18 (10068 turns).

amnekian the Carver (Human Skald)                  Turns: 10068, Time: 00:42:18

Health: -1/61      AC:  4    Str: 15    XL:     9   Next: 16%
Magic:  11/12      EV: 15    Int: 12    God:    Okawaru [......]
Gold:   136        SH:  0    Dex: 14    Spells: 2 memorised, 8 levels left

rFire  . . .     SeeInvis .     R - +0 dagger (venom)
rCold  . . .     Clarity  .     I - +1 robe {rN+}
rNeg   + . .     SustAt   .     (no shield)
rPois  .         Gourm    .     (no helmet)
rElec  .         Spirit   .     (no cloak)
rCorr  .         Warding  .     e - +0 pair of gloves
rMut   .         Stasis   .     (no boots)
MR     +....                    (no amulet)
Stlth  +.........               r - ring of protection from magic
                                i - +3 ring of evasion

@: somewhat resistant to hostile enchantments, very unstealthy
A: no striking features
a: Renounce Religion


You were on level 6 of the Dungeon.
You worshipped Okawaru.
Okawaru was noncommittal.
You were not hungry.

You visited 2 branches of the dungeon, and saw 8 of its levels.

You collected 350 gold pieces.
You spent 214 gold pieces at shops.

Inventory:

Hand weapons
 a - a +0 falchion
 b - a +0 hunting sling
 w - a +3 short sword of speed
 M - a +0 short sword of draining
 R - a +0 dagger of venom (weapon)
Missiles
 k - 15 poisoned needles
 m - 112 stones
 E - 18 tomahawks (quivered)
Armour
 e - a +0 pair of gloves (worn)
 A - a +0 leather armour
 B - a +0 chain mail
 C - a +0 scale mail of poison resistance
 I - a +1 robe of positive energy (worn)
Jewellery
 i - a +3 ring of evasion (left hand)
 r - a ring of protection from magic (right hand)
Magical devices
 q - a wand of magic darts (10)
 y - a wand of slowing (30)
 D - a wand of polymorph (11)
 H - a wand of draining (6)
 P - a wand of digging (13)
 S - a wand of fire (10)
Scrolls
 g - a scroll of enchant armour {unknown}
 p - 2 scrolls of blinking
 s - 2 scrolls of immolation
 x - 2 scrolls of remove curse
 F - 3 scrolls of teleportation
 G - a scroll of enchant weapon
 J - 2 scrolls of magic mapping {unknown}
 K - a scroll of identify
 L - a scroll of amnesia {unknown}
 O - a scroll of noise {unknown}
Potions
 h - a potion of flight {unknown}
 j - 5 potions of curing
 l - 3 potions of lignification
 n - a potion of magic {unknown}
 o - 2 potions of ambrosia
 t - a potion of cancellation {unknown}
 u - a potion of haste {unknown}
 v - a potion of might {unknown}
 z - 2 potions of poison {unknown}
 N - a potion of resistance {unknown}
 Q - a potion of mutation {unknown}
Books
 c - a book of Battle

   Spells                             Type                      Level
   a - Infusion                       Charms                       1
   b - Shroud of Golubria             Charms/Translocation         2
   c - Song of Slaying                Charms                       2
   d - Spectral Weapon                Hexes/Charms                 3
   e - Regeneration                   Charms/Necromancy            3
Comestibles
 d - 5 bread rations
 f - 3 meat rations


   Skills:
 - Level 2.0 Fighting
 * Level 10.5 Long Blades
 - Level 1.0 Armour
 - Level 1.0 Dodging
 - Level 2.0 Spellcasting
 - Level 3.0 Charms
 - Level 3.1 Necromancy


You had 8 spell levels left.
You knew the following spells:

 Your Spells              Type           Power        Failure   Level  Hunger
a - Infusion              Chrm           #.....       10%         1    ##.....
b - Regeneration          Chrm/Necr      #.........   24%         3    ####...


Dungeon Overview and Level Annotations

Branches:
Dungeon (7/15)             Temple (1/1) D:6

Altars:
Cheibriados
Dithmenos
Elyvilon
Fedhas
Gozag
Makhleb
Nemelex Xobeh
Okawaru
Qazlal
Ru
Sif Muna
Trog
Vehumet
Xom
Zin

Shops:
D:4 ?


Message History

You climb downwards.
The ogre hits you with a giant club!!
There is a stone staircase leading up, spattered with blood here.
You hit the ogre.
The ogre is poisoned.
The ogre is lightly wounded.
The ogre closely misses you.
Casting: Regeneration
Confirm with . or Enter, or press ? or * to list all spells.
Your skin crawls.
You hit the ogre.
The ogre is heavily wounded.
The ogre hits you with a giant club!!
* * * LOW HITPOINT WARNING * * *
There is an open door here.
Your skin is crawling a little less now.
The ogre looks more healthy.
Your skin stops crawling.
You hit the ogre but do no damage.
The ogre is poisoned.
The ogre is heavily wounded.
The ogre hits you with a giant club!!
You die...

########### #.........#
#.........# ####.........#
#>...........################
#............'.............O.
#.##.........##########.#####
#.##########.## #.#####
####'####### #.@.# #.#....
#..........# ##.O#########.#....
#..........# #............'....
#..........####..#########.#....
##.......................#.#....
#.#.#######..#..#.#####.#.#....
#.#.# #..##.#.# #.#.#....
###.#.# #.[[....# #.#.#....
...)#.# #.###...#####.#.#####


You could see an ogre.

Vanquished Creatures
  2 sky beasts
  A phantom (D:5)
  3 centaurs
  3 giant frogs
  2 scorpions (D:6)
  6 orc wizards
  A hound (D:4)
  3 orc priests
  A crimson imp (D:5)
  2 iguanas
  3 worker ants
  A giant frog skeleton (D:4)
  A worker ant zombie (D:7)
  4 gnolls
  11 adders
  2 shadow imps (D:5)
  An ooze (D:3)
  5 worms
  An adder zombie (D:6)
  4 giant geckos
  28 orcs
  4 giant cockroaches
  14 goblins
  14 hobgoblins
  11 jackals
  A quokka (D:5)
  5 ball pythons
  14 bats
  8 giant newts
  14 kobolds
  13 rats
183 creatures vanquished.

Notes
Turn   | Place    | Note
--------------------------------------------------------------
     0 | D:1      | amnekian the Human Skald began the quest for the Orb.
     0 | D:1      | Reached XP level 1. HP: 16/16 MP: 3/3
    45 | D:1      | Reached XP level 2. HP: 12/22 MP: 0/5
   735 | D:1      | Reached XP level 3. HP: 27/27 MP: 6/6
  1255 | D:2      | Learned a level 3 spell: Regeneration
  1480 | D:2      | Noticed a moth of wrath
  1483 | D:2      | Found a bloodstained altar of Trog.
  1848 | D:2      | Reached XP level 4. HP: 26/33 MP: 7/7
  1853 | D:2      | Reached skill level 4 in Long Blades
  2561 | D:3      | Reached skill level 1 in Necromancy
  2562 | D:3      | Found a snail-covered altar of Cheibriados.
  2684 | D:3      | Reached XP level 5. HP: 33/38 MP: 4/8
  3504 | D:3      | Reached XP level 6. HP: 23/44 MP: 1/9
  3743 | D:3      | Reached skill level 5 in Long Blades
  4551 | D:4      | Reached skill level 6 in Long Blades
  4551 | D:4      | Reached XP level 7. HP: 48/50 MP: 6/10
  4742 | D:4      | Found a shadowy altar of Dithmenos.
  5493 | D:4      | Found Leme Axt's Magic Scroll Shoppe.
  5498 | D:4      | Bought a scroll of teleportation for 39 gold pieces
  5498 | D:4      | Bought a scroll of blinking for 97 gold pieces
  5498 | D:4      | Bought a scroll of remove curse for 39 gold pieces
  5498 | D:4      | Bought a scroll of teleportation for 39 gold pieces
  5656 | D:5      | Entered Level 5 of the Dungeon
  5880 | D:4      | Reached skill level 7 in Long Blades
  6172 | D:5      | Found a shimmering altar of Xom.
  6182 | D:5      | Reached XP level 8. HP: 42/56 MP: 6/11
  6507 | D:5      | Reached skill level 8 in Long Blades
  6803 | D:5      | Found a bloodstained altar of Trog.
  7370 | D:6      | Reached skill level 9 in Long Blades
  7861 | D:6      | Found a staircase to the Ecumenical Temple.
  8066 | Temple   | Entered the Ecumenical Temple
  8137 | Temple   | Became a worshipper of Warmaster Okawaru
  8585 | D:6      | Found a snail-covered altar of Cheibriados.
  8696 | D:6      | Reached skill level 10 in Long Blades
  8696 | D:6      | Reached XP level 9. HP: 54/61 MP: 12/12
 10068 | D:6      | Slain by an ogre

Vault maps used:
D:1:      dpeg_arrival_rooms_b
D:2:      first_bread, tgw_trog
D:3:      cheibriados_altar_wand_db
D:4:      serial_shops, shop, nicolae_dithmenos_shadow_blocks
D:5:      lemuel_coloured_pillars_altar, lemuel_round_altar
D:6:      temple_fountains, basic_altar
D:7:      serial_shops, shop, nemelex_xobeh_ov_fountains_minmay, uniq_menkaure
Temple:   dpeg_five_rooms_temple_12

Action                   |  1- 3 |  4- 6 |  7- 9 || total
-------------------------+-------+-------+-------++-------
Melee: Falchion          |    90 |    28 |       ||   118
       Short sword       |    11 |   232 |   393 ||   636
       Dagger            |       |       |    17 ||    17
Throw: Stone             |       |    19 |       ||    19
       Tomahawk          |       |       |    28 ||    28
 Cast: Infusion          |     9 |    19 |    27 ||    55
       Regeneration      |       |     1 |     3 ||     4
Evoke: Wand              |       |       |     3 ||     3
  Use: Scroll            |       |     8 |     2 ||    10
  Eat: Chunk             |     3 |    10 |    14 ||    27
       Bread ration      |       |       |     1 ||     1
       Beef jerky        |       |       |     1 ||     1
